 Dungeon Crawl Stone Soup version 0.24-a0-537-g2d01d4ab0a (webtiles) character file.

Game seed: 15410075241514929941

151 Delarado the Changer (level 5, -4/33 HPs)
             Began as an Octopode Transmuter on Aug 15, 2019.
             Slain by Edmund
             ... wielding a +2 dire flail of draining
              (13 damage)
             ... on level 4 of the Dungeon.
             The game lasted 00:13:37 (3203 turns).

Delarado the Changer (Octopode Transmuter)          Turns: 3203, Time: 00:13:38

Health: -4/33      AC:  2    Str:  9    XL:     5   Next: 33%
Magic:  3/8        EV: 18    Int: 17    God:
Gold:   202        SH:  0    Dex: 17    Spells: 2/8 levels left

rFire    + . .     SeeInvis .     - Unarmed
rCold    . . .     Gourm    .   (shield currently unavailable)
rNeg     . . .     Faith    .   (helmet currently unavailable)
rPois    x         Spirit   .   (no amulet)
rElec    .         Reflect  .   p - ring of protection from fire
rCorr    .         Harm     .   (no ring)
MR       .....                  (no ring)
Stlth    ++........             (no ring)
HPRegen  0.11/turn              (no ring)
MPRegen  0.11/turn              (no ring)
                                (no ring)
                                (no ring)

@: spider-form (expiring), very slightly contaminated, drained
A: tiny, almost no armour, stealthy swim, (amphibious), 8 rings, (constrict 8)
a: End Transformation


You were on level 4 of the Dungeon.
You were not hungry.
You were a venomous arachnid creature.
You visited 1 branch of the dungeon, and saw 5 of its levels.

You collected 202 gold pieces.

Inventory:

Missiles
 a - 34 arrows
 b - 4 javelins (quivered)
 h - 71 stones
Jewellery
 p - a ring of protection from fire (left front leg)
Wands
 r - a wand of enslavement (5)
Scrolls
 d - a scroll of immolation {unknown}
 e - a scroll of blinking
 i - a scroll of fear
 j - a scroll of magic mapping {unknown}
 m - a scroll of teleportation {unknown}
 o - a scroll of random uselessness {unknown}
 q - a scroll of remove curse
Potions
 f - a potion of curing
 g - a potion of berserk rage
 k - a potion of heal wounds
 n - a potion of magic {unknown}
Comestibles
 c - 8 rations
 l - a chunk of flesh


   Skills:
 - Level 1.0(0.1) Fighting
 - Level 2.0(1.1) Dodging
 - Level 1.1(0.3) Stealth
 - Level 3.0(2.1) Unarmed Combat
 - Level 2.0(1.1) Spellcasting
 + Level 4.4(3.5) Transmutations
 - Level 3.0(2.1) Poison Magic


You had 2 spell levels left.
You knew the following spells:

 Your Spells              Type           Power        Failure   Level  Hunger
a - Beastly Appendage     Tmut           ##....       14%         1    ##.....
b - Sticks to Snakes      Tmut           ##......     21%         2    ###....
c - Spider Form           Tmut/Pois      ##........   41%         3    ####...

Your spell library contained the following spells:

 Spells                   Type           Power        Failure   Level  Hunger
 Magic Dart               Conj           #...         43%         1    ##.....
 Blink                    Tloc           N/A          54%         2    ###....
 Call Imp                 Summ           #.......     54%         2    ###....
 Slow                     Hex            #.......     54%         2    ###....
 Mephitic Cloud           Conj/Pois/Air  #.......     65%         3    ####...
 Conjure Flame            Conj/Fire      #.......     75%         3    ####...
 Ice Form                 Ice/Tmut       #.......     87%         4    #####..
 Blade Hands              Tmut           ##........   92%         5    ######.


Dungeon Overview and Level Annotations

Branches:
Dungeon (5/15)
 Temple: D:4-7

Altars:
Fedhas
Okawaru

Annotations:
D:3 Natasha
D:4 1 exclusion, Edmund
D:5 Sigmund


Innate Abilities, Weirdness & Mutations

You cannot wear most types of armour.
You are very stealthy in the water. (Stealth+)
((You are amphibious.))
You can wear up to eight rings at the same time.
((You can use your tentacles to constrict eight enemies at once.))
((Your skin changes colour to match your surroundings (Stealth+).))
((Your rubbery body absorbs attacks. (AC +1, EV +1)))


Message History

Edmund barely misses you.
You hit Edmund.
Edmund looks as sick as possible!
Edmund is heavily wounded.
Edmund hits you with a +2 dire flail of draining.
You feel drained.
You hit Edmund but do no damage.
Edmund is heavily wounded.
Edmund misses you.
You hit Edmund but do no damage.
Edmund is severely wounded.
Edmund hits you with a +2 dire flail of draining!
You feel drained.
* * * LOW HITPOINT WARNING * * *
You hit Edmund but do no damage.
Edmund is severely wounded.
Edmund misses you.
You barely miss Edmund.
Edmund is severely wounded.
Edmund hits you with a +2 dire flail of draining!
You die...

################..#..............
...........(...##................
.[.............###...<...........
................###..............
...........รท....###..............
.................###.............
.................##>.............
............>.....#..#...........
...............@s...###..........
................)..## ###.#####..
..............>....# ### ##.
............(......# #.
............(......# ######.
..................## #......
................## #......
...............## ##.....
.............## ###....


You could see Edmund.

Vanquished Creatures
  An orc wizard (D:4)
  A bullfrog skeleton (D:3)
  An adder skeleton (D:4)
  2 worms
  3 dart slugs
  4 leopard geckos
  3 orcs
  6 giant cockroaches
  5 goblins
  8 hobgoblins
  2 jackals (D:1)
  9 kobolds
  2 quokkas
  A ball python (D:1)
  9 bats
  7 frilled lizards
  A leopard gecko skeleton (D:4)
  11 rats
76 creatures vanquished.

Notes
Turn   | Place    | Note
-------+----------+-------------------------------------------
     0 | D:1      | Delarado the Octopode Transmuter began the quest for the
                  | Orb.
     0 | D:1      | Reached XP level 1. HP: 13/13 MP: 3/3
   111 | D:1      | Reached XP level 2. HP: 14/18 MP: 3/5
   134 | D:1      | Learned a level 2 spell: Sticks to Snakes
   380 | D:1      | Reached skill level 3 in Transmutations
   660 | D:1      | Reached XP level 3. HP: 19/23 MP: 4/6
   775 | D:1      | Learned a level 3 spell: Spider Form
  1010 | D:2      | Reached skill level 1 in Poison Magic
  1782 | D:3      | Reached XP level 4. HP: 28/28 MP: 5/7
  2127 | D:3      | Noticed Natasha
  2176 | D:3      | Reached skill level 1 in Stealth
  2743 | D:4      | Found a blossoming altar of Fedhas.
  2747 | D:4      | Found an iron altar of Okawaru.
  2794 | D:4      | Reached skill level 4 in Transmutations
  2918 | D:4      | Reached XP level 5. HP: 27/33 MP: 6/8
  3047 | D:4      | Noticed Edmund
  3109 | D:5      | Entered Level 5 of the Dungeon
  3109 | D:5      | Noticed Sigmund
  3109 | D:5      | Noticed a sky beast
  3203 | D:4      | Slain by Edmund

Levels and vault maps discovered:
D:1:      dpeg_arrival_line_fractal, layout_loops_ring
D:2:      layout_rooms, minmay_misc_feat_room
D:3:      layout_rooms, first_ration, uniq_natasha
D:4:      cheibrodos_pilgrimage, layout_cave_pods, lemuel_round_altar,
          grunt_temple_overflow_open, minmay_liquid_box, lemuel_statue_altar,
          uniq_edmund
D:5:      layout_rooms, dancing_weapons_uskayaw, minmay_temple_entry_junction,
          grunt_qazlal_clouds, uniq_sigmund, uniq_crazy_yiuf_cottage,
          uniq_menkaure, uniq_ijyb

Skill      XL: |  1  2  3  4 |
---------------+-------------+-----
Transmutations | 3 4 |  4.4
Poison Magic   | 1 3 |  3.0
Stealth        | 1 |  1.1
Fighting       | |  1.0
Dodging        | |  2.0
Unarmed Combat | |  3.0
Spellcasting   | |  2.0

Action                   |  1- 3 |  4- 6 || total
-------------------------+-------+-------++-------
Melee: Unarmed           |    92 |    65 ||   157
       Constrict         |    31 |    17 ||    48
       Tentacles         |    14 |    12 ||    26
       Kick              |    18 |    15 ||    33
       Punch             |       |     1 ||     1
Throw: Stone             |    22 |    16 ||    38
       Javelin           |       |    14 ||    14
 Cast: Beastly Appendage |    21 |    11 ||    32
       Sticks to Snakes  |     2 |     2 ||     4
       Spider Form       |       |     1 ||     1
  Use: Scroll            |     2 |     5 ||     7
 Stab: Sleeping          |     6 |       ||     6
       Distracted        |       |     1 ||     1
  Eat: Chunk             |     3 |     2 ||     5
       Ration            |       |     1 ||     1
Armor: Skin              |    13 |     3 ||    16
Dodge: Dodged            |    55 |    34 ||    89

Table legend:
 A = Non-vault XP
 B = Vault XP
 C = Vault XP percentage of total XP
 D = Non-vault monster count
 E = Vault monster count
 F = Vault count percentage of total count
                 A         B        C        D         E       F
            +---------+---------+-------+---------+---------+-------
      Total |     171 |      46 |  21.2 |      74 |       2 |   2.6
            +---------+---------+-------+---------+---------+-------
        D:1 |      44 |       0 |   0.0 |      26 |       0 |   0.0
        D:2 |      35 |       0 |   0.0 |      20 |       0 |   0.0
        D:3 |      71 |       0 |   0.0 |      21 |       0 |   0.0
        D:4 |      21 |      46 |  68.7 |       7 |       2 |  22.2
            +---------+---------+-------+---------+---------+-------
